 Dungeon Crawl Stone Soup version 0.31-a0-188-g5e087ee2ca (webtiles) character file.

Game seed: 13312928709706555257

415 qw the Skirmisher (level 6, -1/35 HPs)
             Began as a Deep Elf Hunter on June 22, 2023.
             Slain by Pikel
             ... wielding a +0 whip of freezing
              (2 damage)
             ... on level 4 of the Dungeon.
             The game lasted 00:01:15 (2854 turns).

qw the Skirmisher (Deep Elf Hunter)                 Turns: 2854, Time: 00:01:16

Health: -1/35      AC:  4    Str: 10    XL:     6   Next: 60%
Magic:  23/23      EV: 13    Int: 14    God:
Gold:   74         SH:  0    Dex: 18    Spells: 5/5 levels left

rFire   . . .        Y - +1 shortbow
rCold   . . .        (shield currently unavailable)
rNeg    . . .        c - +0 leather armour
rPois   .            (no helmet)
rElec   .            d - +0 cloak
rCorr   .            (no gloves)
SInv    .            (no boots)
Will    .....        k
                       - Hermit's Pendant {Faith Invo=14 Evo=0 MP+5}
Stlth   ++           (no ring)
HPRegen 0.25/turn    (no ring)
MPRegen 0.18/turn

%: faith
@: no status effects
A: no striking features
a: no special abilities


You were on level 4 of the Dungeon.
You visited 1 branch of the dungeon, and saw 4 of its levels.

You collected 195 gold pieces.
You spent 121 gold pieces at shops.


   Skills:
 - Level 2.0 Fighting
 - Level 10.0 Ranged Weapons
 + Level 3.2 Dodging
 - Level 1.2 Stealth


You had 5 spell levels left.
You didn't know any spells.
Your spell library was empty.

Inventory:

Hand Weapons
 Y - a +1 shortbow (weapon)
Armour
 c - a +0 leather armour (worn)
 d - a +0 cloak (worn)
 i - a +0 ring mail
Jewellery
 a - a ring of ice
 k - the Hermit's Pendant (around neck) {Faith Invo=14 Evo=0 MP+5}
   (You found it on level 3 of the Dungeon)

   [amulet of faith]

   Invo=14: It sets your Invocations skill to 14.
   Evo=0: It sets your Evocations skill to 0.
   It allows you to gain divine favour quickly.
   MP:        It affects your magic capacity (+5).
Scrolls
 g - a scroll of identify
 j - a scroll of enchant armour {unknown}
Potions
 b - 2 potions of curing
 e - a potion of mutation
 f - a potion of might
 h - a potion of lignification {unknown}

Dungeon Overview and Level Annotations

Branches:
Dungeon (4/15)
 Temple: D:4-7

Altars:
Ashenzari
Hepliaklqana
Zin

Shops:
D:3 !?(*

Annotations:
D:4 1 runed translucent door, Pikel; qw's ghost, amateur GrFi


Message History

The lemure is lightly wounded.
The lemure hits you.
You shoot an arrow. The arrow hits the lemure.
The lemure is moderately wounded.
The lemure hits you!
You shoot an arrow. The arrow hits the lemure.
The lemure is moderately wounded.
The lemure barely misses you.
You shoot an arrow. The arrow closely misses the lemure.
The arrow barely misses Pikel.
The arrow completely misses the lemure.
The lemure barely misses you.
You shoot an arrow. The arrow barely misses the lemure.
The arrow hits Pikel.
Pikel is moderately wounded.
You shoot an arrow. The arrow closely misses Pikel.
The arrow hits the lemure.
The lemure is heavily wounded.
You shoot an arrow. The arrow closely misses Pikel.
The arrow misses the lemure.
The arrow closely misses the lemure.
Pikel closely misses you.
You shoot an arrow. The arrow hits Pikel.
Pikel is moderately wounded.
Pikel says, "I just want to get paid!"
Pikel hits you with a +0 whip of freezing!
Pikel freezes you.
You shoot an arrow. The arrow hits Pikel.
Pikel is moderately wounded.
Pikel hits you with a +0 whip of freezing.
Pikel freezes you.
You shoot an arrow.
The arrow hits Pikel but does no damage.
Pikel is moderately wounded.
Pikel scowls and wipes his hands on his robe.
Pikel closely misses you.
You shoot an arrow. The arrow hits Pikel!
Pikel is heavily wounded.
Pikel closely misses you.
You shoot an arrow. The arrow hits Pikel!
Pikel is severely wounded.
Pikel hits you with a +0 whip of freezing.
Pikel freezes you.
You die...

############## ###
.............# #.#
############.###############.#
# #.......@K55..#...##%# #
#.##.########......#.# #
#.##.########........# #
#.##..............%..# #
#.##.########........# #
#.##.###### #......#.# #
#.##......# #.#..#######
#########.##.####K#
#....+SSW~=~ ##...........#
#.# ###..########


You could see Pikel and 2 lemures.

Vanquished Creatures
  Sigmund (D:3)
  A lemure (D:4)
  A scorpion (D:4)
  3 iguanas
  An orc wizard (D:4)
  3 adders
  4 orcs (D:4)
  9 ball pythons
  8 endoplasms
  3 giant cockroaches
  3 goblins
  8 hobgoblins
  4 jackals (D:3)
  A kobold (D:1)
  4 quokkas
  7 bats
  4 frilled lizards
  4 rats
69 creatures vanquished.

Notes
Turn   | Place    | Note
-------+----------+-------------------------------------------
     0 | D:1      | qw the Deep Elf Hunter began the quest for the Orb.
     0 | D:1      | Reached XP level 1. HP: 12/12 MP: 3/3
     0 | D:1      | 0 ||| qw: Version: 0.3-a-9-g12657ce
     0 | D:1      | 0 ||| qw: Game counter: 2738
     0 | D:1      | 0 ||| qw: Always use a shield: true
     0 | D:1      | 0 ||| qw: God list: Okawaru
     0 | D:1      | 0 ||| qw: Allow faded altars: false
     0 | D:1      | 0 ||| qw: Do Orc after D:15 true
     0 | D:1      | 0 ||| qw: Do second Lair branch before Depths: true
     0 | D:1      | 0 ||| qw: Lair rune preference: random
     0 | D:1      | 0 ||| qw: Plans: Normal
     0 | D:1      | 0 ||| PLANNING D:1-11
    73 | D:1      | HP: 3/12 [quokka (1)]
   115 | D:1      | Reached XP level 2. HP: 16/16 MP: 4/4
   119 | D:1      | Reached skill level 6 in Ranged Weapons
   445 | D:1      | 445 ||| UPGRADING to +0 cloak.
   450 | D:1      | 450 ||| READING scroll labelled ADIULAI UPADGH.
   453 | D:1      | 453 ||| READING scroll labelled CAPASKUVUFU.
   454 | D:1      | 454 ||| READING scroll labelled WUSEM ZIAF.
   455 | D:1      | 455 ||| DROPPING scroll of butterflies.
   486 | D:2      | Reached XP level 3. HP: 20/20 MP: 5/5
   840 | D:2      | 840 ||| READING scroll labelled SOQEMMO GURHIORR.
   841 | D:2      | 841 ||| READING scroll labelled AGOBEI MEGYA.
   842 | D:2      | 842 ||| READING scroll labelled YCIMING SAXE.
   864 | D:3      | Reached skill level 7 in Ranged Weapons
   865 | D:3      | Found Waemm's Distillery.
   870 | D:3      | 870 ||| BUYING potion of curing (36 gold).
   870 | D:3      | Bought a potion of curing for 36 gold pieces
   870 | D:3      | 870 ||| BUYING potion of curing (36 gold).
   870 | D:3      | Bought a potion of curing for 36 gold pieces
   870 | D:3      | 870 ||| SHOPLISTING potion of might (48 gold, have 14).
   955 | D:3      | Found Caal's Assorted Antiques.
   966 | D:3      | 966 ||| BUYING lumpy red potion (23 gold).
   966 | D:3      | Bought a lumpy red potion for 23 gold pieces
   966 | D:3      | 966 ||| SHOPLISTING potion of curing (78 gold, have 10).
   966 | D:3      | 966 ||| SHOPLISTING ring mail (104 gold, have 10).
   966 | D:3      | 966 ||| SHOPLISTING scroll labelled MEOPLEU JUHIXU (26
                  | gold, have 10).
   980 | D:3      | Found Daro's Weapon Shop.
  1013 | D:3      | Noticed Sigmund
  1019 | D:3      | Killed Sigmund
  1020 | D:3      | Reached skill level 9 in Ranged Weapons
  1020 | D:3      | Reached XP level 4. HP: 25/25 MP: 6/6
  1020 | D:3      | Reached XP level 5. HP: 29/29 MP: 7/7
  1153 | D:3      | Found Fics's Magic Scroll Shop.
  1156 | D:3      | 1156 ||| BUYING scroll of identify (26 gold).
  1156 | D:3      | Bought a scroll of identify for 26 gold pieces
  1156 | D:3      | 1156 ||| SHOPLISTING scroll of identify (26 gold, have 14).
  1156 | D:3      | 1156 ||| SHOPLISTING scroll of teleportation (39 gold, have
                  | 14).
  1176 | D:3      | Found a hazy altar of Hepliaklqana.
  1395 | D:3      | Found a faded altar of an unknown god.
  1395 | D:3      | Found the Hermit's Pendant {Faith Invo=14 Evo=0 MP+5}
  1409 | D:3      | Reached skill level 3 in Dodging
  1508 | D:3      | Found a faded altar of an unknown god.
  1568 | D:3      | 1568 ||| UPGRADING to Hermit's Pendant {Faith Invo=14 Evo=0
                  | MP+5}.
  1656 | D:3      | 1656 ||| READING scroll labelled QYUJ SEDOA.
  1657 | D:3      | 1657 ||| DRINKING 2 black potions.
  1658 | D:3      | 1658 ||| READING 2 scrolls of identify.
  1658 | D:3      | 1658 ||| IDENTIFYING lumpy red potion
  1702 | D:4      | Reached XP level 6. HP: 20/35 MP: 18/18
  1899 | D:4      | Found a runed translucent door.
  1904 | D:4      | Noticed qw's ghost (amateur GrFi)
  1959 | D:4      | Noticed Pikel
  1971 | D:4      | HP: 3/35 [Pikel/+0 whip of freezing (7)]
  1971 | D:4      | HP: 1/35 [Pikel/+0 whip of freezing (2)]
  1972 | D:4      | 1972 ||| READING scroll of teleportation.
  2129 | D:4      | Found a glowing silver altar of Zin.
  2210 | D:4      | Found a broken altar of Ashenzari.
  2319 | D:4      | HP: 8/35 [poisoned by a scorpion]
  2543 | D:4      | 2543 ||| Stepping ~*~*~tactically~*~*~ (outnumbered).
  2556 | D:4      | 2556 ||| FLEEEEING.
  2557 | D:4      | 2557 ||| DRINKING 3 potions of curing.
  2557 | D:4      | 2557 ||| (to cure confusion)
  2558 | D:4      | 2558 ||| FLEEEEING.
  2559 | D:4      | 2559 ||| FLEEEEING.
  2560 | D:4      | 2560 ||| FLEEEEING.
  2561 | D:4      | 2561 ||| FLEEEEING.
  2564 | D:4      | 2564 ||| FLEEEEING.
  2565 | D:4      | 2565 ||| FLEEEEING.
  2566 | D:4      | 2566 ||| FLEEEEING.
  2567 | D:4      | 2567 ||| FLEEEEING.
  2568 | D:4      | 2568 ||| FLEEEEING.
  2581 | D:4      | Reached skill level 10 in Ranged Weapons
  2581 | D:4      | 2581 ||| FLEEEEING.
  2582 | D:4      | 2582 ||| FLEEEEING.
  2583 | D:4      | 2583 ||| FLEEEEING.
  2584 | D:4      | 2584 ||| FLEEEEING.
  2585 | D:4      | 2585 ||| FLEEEEING.
  2586 | D:4      | 2586 ||| FLEEEEING.
  2587 | D:4      | 2587 ||| FLEEEEING.
  2589 | D:4      | 2589 ||| FLEEEEING.
  2590 | D:4      | 2590 ||| FLEEEEING.
  2591 | D:4      | 2591 ||| FLEEEEING.
  2592 | D:4      | 2592 ||| FLEEEEING.
  2593 | D:4      | 2593 ||| FLEEEEING.
  2594 | D:4      | 2594 ||| FLEEEEING.
  2595 | D:4      | 2595 ||| FLEEEEING.
  2596 | D:4      | 2596 ||| FLEEEEING.
  2597 | D:4      | 2597 ||| FLEEEEING.
  2599 | D:4      | 2599 ||| FLEEEEING.
  2601 | D:4      | 2601 ||| FLEEEEING.
  2603 | D:4      | 2603 ||| FLEEEEING.
  2604 | D:4      | 2604 ||| FLEEEEING.
  2605 | D:4      | 2605 ||| FLEEEEING.
  2606 | D:4      | 2606 ||| FLEEEEING.
  2608 | D:4      | 2608 ||| FLEEEEING.
  2609 | D:4      | 2609 ||| FLEEEEING.
  2610 | D:4      | 2610 ||| FLEEEEING.
  2611 | D:4      | 2611 ||| FLEEEEING.
  2612 | D:4      | 2612 ||| FLEEEEING.
  2613 | D:4      | 2613 ||| FLEEEEING.
  2614 | D:4      | 2614 ||| FLEEEEING.
  2615 | D:4      | 2615 ||| FLEEEEING.
  2616 | D:4      | 2616 ||| FLEEEEING.
  2617 | D:4      | 2617 ||| FLEEEEING.
  2618 | D:4      | 2618 ||| FLEEEEING.
  2619 | D:4      | 2619 ||| FLEEEEING.
  2620 | D:4      | 2620 ||| FLEEEEING.
  2621 | D:4      | 2621 ||| FLEEEEING.
  2622 | D:4      | 2622 ||| FLEEEEING.
  2623 | D:4      | 2623 ||| FLEEEEING.
  2624 | D:4      | 2624 ||| FLEEEEING.
  2625 | D:4      | 2625 ||| FLEEEEING.
  2627 | D:4      | 2627 ||| FLEEEEING.
  2628 | D:4      | 2628 ||| STAIRDANCE
  2642 | D:3      | 2642 ||| DRINKING 2 green potions.
  2643 | D:3      | 2643 ||| DROPPING potion of invisibility.
  2850 | D:4      | HP: 6/35 [Pikel/+0 whip of freezing (3)]
  2854 | D:4      | HP: 1/35 [Pikel/+0 whip of freezing (3)]
  2854 | D:4      | Slain by Pikel

Levels and vault maps discovered:
D:1:      onia_arrival_mini_spirals, layout_rooms, feat_on_display
D:2:      layout_basic
D:3:      layout_basic, mainiacjoe_overflow_alcove_2,
          dreamdust_ecumenical_altar_angels_and_demons, serial_shops,
          nicolae_shop_bloodbath_and_beyond, shop, nicolae_diamond_shop,
          nicolae_shop_real_fake_doors, hellmonk_guarded_unrand_hermit,
          uniq_sigmund
D:4:      layout_loops_ring, led_sif_pool, nicolae_overflow_crystal_walls,
          nicolae_ashenzari_panopticon, ebering_ghost_sewer_d, uniq_pikel

Skill      XL: |  1  2  3  4  5  6 |
---------------+-------------------+-----
Ranged Weapons | 6 9 10 | 10.0
Dodging        | 3 |  3.2
Fighting       | 2 |  2.0
Stealth        | |  1.2

Action                     |  1- 3 |  4- 6 || total
---------------------------+-------+-------++-------
   Fire: Shortbow          |   120 |   127 ||   247
    Use: Scroll            |     6 |     3 ||     9
         Potion            |       |     3 ||     3
 Armour: Leather armour    |    19 |     5 ||    24
  Dodge: Dodged            |    37 |    30 ||    67

Table legend:
 A = Non-vault XP
 B = Vault XP
 C = Vault XP percentage of total XP
 D = Non-vault monster count
 E = Vault monster count
 F = Vault count percentage of total count
                 A         B        C        D         E       F
            +---------+---------+-------+---------+---------+-------
      Total |     331 |     263 |  44.3 |      66 |       2 |   2.9
            +---------+---------+-------+---------+---------+-------
        D:1 |      38 |       0 |   0.0 |      23 |       0 |   0.0
        D:2 |      24 |       0 |   0.0 |       8 |       0 |   0.0
        D:3 |      44 |     263 |  85.7 |      19 |       2 |   9.5
        D:4 |     225 |       0 |   0.0 |      16 |       0 |   0.0
            +---------+---------+-------+---------+---------+-------
